2330 views
Uploaded 2022-04-23 02:04:54
Game version 1.32.10
103:50 long 4on4 ladder game on (8)GoldRush
Saved by GIGA
2330 views
Uploaded 2022-04-23 02:04:54
Game version 1.32.10
103:50 long 4on4 ladder game on (8)GoldRush


333 units @ 31.9k
/ 4.2k
302 buildings @ 25.7k
/ 12.2k
DudeWhy
(236)
(103:44) : 

| Potion of Mana | 1 | 200 |
| Boots of Speed | 6 | 1500 |
| Orb of Lightning | 3 | 1125 |
| total: | 10 | 2825g |
| Peasant | 41 | 3075 | / | 0 |
| Mortar Team | 16 | 2880 | / | 1120 |
| total: | 57 | 5955g | / | 1120w |
| Scout Tower | 68 | 2040 | / | 1360 |
| Arcane Tower | 6 | 420 | / | 300 |
| Guard Tower | 19 | 1330 | / | 950 |
| Altar of Kings | 2 | 360 | / | 100 |
| Farm | 16 | 1280 | / | 320 |
| Lumber Mill | 3 | 360 | / | 0 |
| Town Hall | 8 | 3080 | / | 1640 |
| Blacksmith | 1 | 140 | / | 60 |
| Cannon Tower | 1 | 120 | / | 100 |
| Workshop | 1 | 140 | / | 140 |
| Arcane Sanctum | 1 | 150 | / | 140 |
| Keep | 1 | 320 | / | 210 |
| Castle | 1 | 360 | / | 210 |
| total: | 100 | 7550g | / | 3760w |
| 0:02 | Peasant |
| 0:06 | Peasant |
| 0:18 | Altar of Kings |
| 0:19 | Altar of Kings |
| 0:20 | Peasant |
| 0:26 | Peasant |
| 0:33 | Farm |
| 0:49 | Lumber Mill |
| 0:50 | Peasant |
| 0:51 | Peasant |
| 1:02 | Farm |
| 1:06 | Scout Tower |
| 1:08 | Peasant |
| 1:33 | Peasant |
| 1:39 | Peasant |
| 1:48 | Peasant |
| 1:49 | Arcane Tower |
| 1:50 | Peasant |
| 1:57 | Scout Tower |
| 1:58 | Scout Tower |
| 1:59 | Peasant |
| 2:06 | Improved Lumber Harvesting |
| 2:21 | Storm Bolt |
| 2:25 | Peasant |
| 2:26 | Guard Tower |
| 2:33 | Farm |
| 2:34 | Farm |
| 2:36 | Farm |
| 2:37 | Peasant |
| 3:13 | Peasant |
| 3:20 | Town Hall |
| 3:27 | Peasant |
| 3:45 | Peasant |
| 3:54 | Scout Tower |
| 3:55 | Scout Tower |
| 3:58 | Scout Tower |
| 4:06 | Peasant |
| 4:06 | Guard Tower |
| 4:18 | Scout Tower |
| 4:19 | Scout Tower |
| 4:21 | Scout Tower |
| 4:30 | Peasant |
| 4:33 | Guard Tower |
| 4:35 | Guard Tower |
| 4:37 | Guard Tower |
| 4:42 | Peasant |
| 5:27 | Keep |
| 5:29 | Guard Tower |
| 5:30 | Scout Tower |
| 5:31 | Scout Tower |
| 5:31 | Scout Tower |
| 5:46 | Bash |
| 5:46 | Bash |
| 5:47 | Bash |
| 5:55 | Scout Tower |
| 5:55 | Scout Tower |
| 5:56 | Scout Tower |
| 5:59 | Guard Tower |
| 6:00 | Guard Tower |
| 6:11 | Scout Tower |
| 6:13 | Scout Tower |
| 6:20 | Peasant |
| 7:00 | Guard Tower |
| 7:10 | Guard Tower |
| 7:12 | Scout Tower |
| 7:13 | Scout Tower |
| 7:15 | Scout Tower |
| 7:16 | Scout Tower |
| 7:49 | Guard Tower |
| 7:50 | Scout Tower |
| 7:53 | Scout Tower |
| 7:54 | Scout Tower |
| 7:54 | Scout Tower |
| 7:55 | Scout Tower |
| 8:10 | Advanced Lumber Harvesting |
| 8:10 | Improved Masonry |
| 9:33 | Castle |
| 9:41 | Blacksmith |
| 10:40 | Guard Tower |
| 10:42 | Scout Tower |
| 10:43 | Scout Tower |
| 10:43 | Scout Tower |
| 10:44 | Scout Tower |
| 10:48 | Scout Tower |
| 10:49 | Scout Tower |
| 10:51 | Scout Tower |
| 10:52 | Scout Tower |
| 10:54 | Scout Tower |
| 10:55 | Scout Tower |
| 10:56 | Scout Tower |
| 11:13 | Black Gunpowder |
| 11:16 | Workshop |
| 11:25 | Advanced Masonry |
| 12:26 | Holy Light |
| 12:32 | Guard Tower |
| 12:36 | Arcane Tower |
| 13:32 | Fragmentation Shards |
| 13:33 | Mortar Team |
| 13:33 | Mortar Team |
| 13:36 | Farm |
| 13:36 | Farm |
| 13:37 | Farm |
| 13:41 | Farm |
| 13:42 | Farm |
| 13:43 | Farm |
| 13:47 | Refined Gunpowder |
| 14:14 | Town Hall |
| 14:38 | Storm Bolt |
| 14:40 | Storm Bolt |
| 14:41 | Storm Bolt |
| 14:52 | Mortar Team |
| 14:53 | Farm |
| 14:54 | Farm |
| 16:17 | Scout Tower |
| 16:18 | Scout Tower |
| 16:19 | Scout Tower |
| 16:25 | Scout Tower |
| 16:37 | Peasant |
| 16:37 | Peasant |
| 16:48 | Flare |
| 17:18 | Guard Tower |
| 17:19 | Scout Tower |
| 17:21 | Scout Tower |
| 17:21 | Scout Tower |
| 19:00 | Arcane Sanctum |
| 19:05 | Guard Tower |
| 19:08 | Scout Tower |
| 19:09 | Scout Tower |
| 19:10 | Scout Tower |
| 20:27 | Guard Tower |
| 20:38 | Magic Sentry |
| 20:45 | Scout Tower |
| 20:46 | Scout Tower |
| 20:46 | Scout Tower |
| 20:47 | Scout Tower |
| 20:47 | Scout Tower |
| 21:30 | Lumber Mill |
| 23:20 | Mortar Team |
| 23:20 | Mortar Team |
| 23:20 | Mortar Team |
| 23:44 | Mortar Team |
| 24:53 | Mortar Team |
| 27:33 | Scout Tower |
| 27:34 | Scout Tower |
| 27:35 | Scout Tower |
| 27:35 | Scout Tower |
| 27:36 | Scout Tower |
| 27:37 | Scout Tower |
| 27:58 | Town Hall |
| 28:06 | Town Hall |
| 28:11 | Arcane Tower |
| 28:12 | Arcane Tower |
| 28:16 | Scout Tower |
| 28:17 | Scout Tower |
| 28:18 | Scout Tower |
| 28:36 | Bash |
| 28:37 | Bash |
| 28:38 | Divine Shield |
| 28:38 | Holy Light |
| 28:39 | Divine Shield |
| 28:39 | Holy Light |
| 29:59 | Lumber Mill |
| 30:09 | Cannon Tower |
| 30:10 | Arcane Tower |
| 31:37 | Mortar Team |
| 31:37 | Mortar Team |
| 31:51 | Mortar Team |
| 33:03 | Guard Tower |
| 34:03 | Peasant |
| 34:03 | Peasant |
| 34:03 | Peasant |
| 34:03 | Peasant |
| 34:53 | Peasant |
| 35:16 | Town Hall |
| 35:40 | Scout Tower |
| 35:50 | Peasant |
| 35:50 | Peasant |
| 36:08 | Arcane Tower |
| 37:35 | Town Hall |
| 39:15 | Town Hall |
| 39:24 | Town Hall |
| 40:22 | Boots of Speed |
| 40:23 | Boots of Speed |
| 42:48 | Divine Shield |
| 42:59 | Peasant |
| 42:59 | Peasant |
| 42:59 | Peasant |
| 43:00 | Peasant |
| 43:04 | Peasant |
| 43:04 | Peasant |
| 43:04 | Peasant |
| 43:09 | Boots of Speed |
| 43:09 | Boots of Speed |
| 44:21 | Orb of Lightning |
| 46:09 | Mortar Team |
| 47:39 | Mortar Team |
| 47:50 | Storm Bolt |
| 47:51 | Storm Bolt |
| 47:52 | Divine Shield |
| 47:58 | Scout Tower |
| 47:59 | Scout Tower |
| 47:59 | Scout Tower |
| 48:00 | Scout Tower |
| 48:00 | Scout Tower |
| 48:01 | Scout Tower |
| 51:30 | Guard Tower |
| 51:44 | Guard Tower |
| 52:16 | Peasant |
| 52:16 | Peasant |
| 52:16 | Peasant |
| 52:17 | Peasant |
| 54:10 | Farm |
| 54:32 | Farm |
| 54:34 | Farm |
| 55:17 | Holy Light |
| 56:44 | Boots of Speed |
| 56:45 | Boots of Speed |
| 58:15 | Avatar |
| 58:31 | Mortar Team |
| 59:32 | Orb of Lightning |
| 59:46 | Avatar |
| 62:03 | Orb of Lightning |
| 65:47 | Potion of Mana |
| 67:59 | Bash |
| 68:07 | Resurrection |
| 70:04 | Bash |
| 73:21 | Divine Shield |
| 80:03 | Divine Shield |
| 84:51 | Thunder Clap |
| 85:08 | Devotion Aura |
| 90:32 | Mortar Team |
| 90:32 | Mortar Team |
| 98:20 | Thunder Clap |
| 101:24 | Devotion Aura |
| Right click | 5879 |
| Select group | 2069 |
| Select | 884 |
| Use ability | 570 |
| Build/train/purchase | 236 |
| Misc. action | 210 |
| Resource trade | 126 |
| Minimap ping | 37 |
| Assign group | 25 |
| Esc | 8 |
| Item give/drop | 5 |
Cabeelibob
(194)
(103:44) : 
| Healing Salve | 1 | 100 |
| Lesser Clarity Potion | 20 | 1400 |
| Orb of Lightning | 1 | 375 |
| Tiny Great Hall | 3 | 1800 |
| Potion of Mana | 11 | 2200 |
| Potion of Healing | 2 | 300 |
| Staff of Teleportation | 1 | 150 |
| Boots of Speed | 1 | 250 |
| Potion of Lesser Invulnerability | 2 | 300 |
| total: | 42 | 6875g |
| Peon | 86 | 6450 | / | 0 |
| Troll Witch Doctor | 11 | 1595 | / | 275 |
| total: | 97 | 8045g | / | 275w |
| Watch Tower | 3 | 330 | / | 240 |
| Orc Burrow | 5 | 800 | / | 200 |
| Altar of Storms | 3 | 540 | / | 150 |
| War Mill | 2 | 410 | / | 0 |
| Voodoo Lounge | 4 | 520 | / | 120 |
| Great Hall | 3 | 1155 | / | 555 |
| Spirit Lodge | 1 | 150 | / | 150 |
| Stronghold | 1 | 315 | / | 190 |
| Fortress | 1 | 325 | / | 190 |
| total: | 21 | 3905g | / | 1415w |
| 0:07 | Orc Burrow |
| 0:10 | Altar of Storms |
| 0:11 | Peon |
| 0:21 | Peon |
| 0:40 | Peon |
| 1:01 | Orc Burrow |
| 1:06 | Peon |
| 1:15 | War Mill |
| 1:18 | Peon |
| 1:37 | Peon |
| 1:46 | Peon |
| 1:59 | Peon |
| 2:18 | Peon |
| 2:26 | Peon |
| 2:30 | Watch Tower |
| 2:33 | Wind Walk |
| 2:40 | Voodoo Lounge |
| 3:30 | Peon |
| 3:34 | Watch Tower |
| 4:09 | Great Hall |
| 4:21 | Voodoo Lounge |
| 4:41 | Watch Tower |
| 5:05 | Peon |
| 5:05 | Peon |
| 5:36 | Peon |
| 5:47 | Peon |
| 5:58 | Peon |
| 6:18 | Peon |
| 6:38 | Great Hall |
| 7:11 | Critical Strike |
| 7:28 | Stronghold |
| 7:35 | Spiked Barricades |
| 7:40 | Healing Salve |
| 7:43 | Lesser Clarity Potion |
| 9:13 | Peon |
| 9:40 | Peon |
| 9:45 | Peon |
| 12:06 | Reinforced Defenses |
| 12:09 | Fortress |
| 12:15 | Spirit Lodge |
| 13:38 | Witch Doctor Adept Training |
| 13:59 | Staff of Teleportation |
| 14:00 | Boots of Speed |
| 15:04 | Witch Doctor Master Training |
| 15:06 | Troll Witch Doctor |
| 15:07 | Troll Witch Doctor |
| 15:07 | Troll Witch Doctor |
| 15:07 | Troll Witch Doctor |
| 15:15 | Orb of Lightning |
| 15:19 | Tiny Great Hall |
| 15:19 | Lesser Clarity Potion |
| 15:42 | Peon |
| 16:23 | Peon |
| 16:23 | Peon |
| 16:23 | Peon |
| 18:05 | Lesser Clarity Potion |
| 18:20 | Peon |
| 18:20 | Peon |
| 18:45 | Critical Strike |
| 19:05 | Tiny Great Hall |
| 19:58 | Peon |
| 19:58 | Peon |
| 19:58 | Peon |
| 19:58 | Peon |
| 19:59 | Peon |
| 21:26 | Orc Burrow |
| 22:22 | Troll Witch Doctor |
| 22:22 | Troll Witch Doctor |
| 22:22 | Troll Witch Doctor |
| 22:22 | Troll Witch Doctor |
| 23:55 | Altar of Storms |
| 25:23 | Orc Burrow |
| 28:15 | War Mill |
| 33:21 | Wind Walk |
| 33:31 | Voodoo Lounge |
| 33:49 | Peon |
| 33:49 | Peon |
| 33:49 | Peon |
| 33:49 | Peon |
| 33:49 | Peon |
| 33:49 | Peon |
| 34:44 | Lesser Clarity Potion |
| 34:46 | Tiny Great Hall |
| 36:53 | Lesser Clarity Potion |
| 39:08 | Peon |
| 39:08 | Peon |
| 39:08 | Peon |
| 39:08 | Peon |
| 39:08 | Peon |
| 39:38 | Peon |
| 39:38 | Peon |
| 39:38 | Peon |
| 39:39 | Peon |
| 39:39 | Peon |
| 40:10 | Voodoo Lounge |
| 40:13 | Peon |
| 40:13 | Peon |
| 40:13 | Peon |
| 41:22 | Orc Burrow |
| 42:03 | Critical Strike |
| 43:35 | Troll Witch Doctor |
| 43:35 | Troll Witch Doctor |
| 43:36 | Troll Witch Doctor |
| 46:38 | Potion of Mana |
| 46:39 | Potion of Healing |
| 46:41 | Lesser Clarity Potion |
| 47:03 | Potion of Healing |
| 47:45 | Great Hall |
| 48:51 | Bladestorm |
| 50:32 | Potion of Mana |
| 50:34 | Lesser Clarity Potion |
| 53:56 | Potion of Mana |
| 53:59 | Potion of Mana |
| 54:00 | Lesser Clarity Potion |
| 55:34 | Wind Walk |
| 59:43 | Lesser Clarity Potion |
| 62:06 | Potion of Mana |
| 63:22 | Peon |
| 63:22 | Peon |
| 63:22 | Peon |
| 63:22 | Peon |
| 63:22 | Peon |
| 63:22 | Peon |
| 63:23 | Peon |
| 64:08 | Altar of Storms |
| 66:37 | Peon |
| 66:37 | Peon |
| 66:37 | Peon |
| 66:37 | Peon |
| 66:38 | Peon |
| 66:38 | Peon |
| 66:38 | Peon |
| 67:02 | Peon |
| 67:03 | Peon |
| 67:03 | Peon |
| 67:03 | Peon |
| 67:54 | Lesser Clarity Potion |
| 69:43 | Mirror Image |
| 71:11 | Mirror Image |
| 71:50 | Lesser Clarity Potion |
| 71:50 | Potion of Mana |
| 74:29 | Peon |
| 74:29 | Peon |
| 74:29 | Peon |
| 74:30 | Peon |
| 78:11 | Lesser Clarity Potion |
| 79:30 | Potion of Mana |
| 79:32 | Lesser Clarity Potion |
| 81:11 | Potion of Lesser Invulnerability |
| 84:09 | Lesser Clarity Potion |
| 84:11 | Potion of Mana |
| 84:19 | Peon |
| 84:20 | Peon |
| 84:20 | Peon |
| 84:20 | Peon |
| 84:20 | Peon |
| 85:06 | Mirror Image |
| 86:00 | Lesser Clarity Potion |
| 86:02 | Potion of Mana |
| 89:23 | Lesser Clarity Potion |
| 89:25 | Potion of Mana |
| 91:34 | Potion of Lesser Invulnerability |
| 92:56 | Lesser Clarity Potion |
| 96:24 | Peon |
| 96:24 | Peon |
| 96:24 | Peon |
| 96:24 | Peon |
| 97:39 | Lesser Clarity Potion |
| 98:39 | Peon |
| 98:39 | Peon |
| 98:39 | Peon |
| 98:40 | Peon |
| 98:40 | Peon |
| 102:52 | Lesser Clarity Potion |
| 102:58 | Lesser Clarity Potion |
| 103:03 | Potion of Mana |
| Right click | 4506 |
| Select | 656 |
| Misc. action | 459 |
| Select group | 431 |
| Build/train/purchase | 347 |
| Resource trade | 117 |
| Chat | 72 |
| Use ability | 46 |
| Minimap ping | 40 |
| Remove unit | 11 |
| Assign group | 5 |
| Item give/drop | 4 |
Jgraham2
(30)
(103:44) : 

| Peasant | 74 | 5550 | / | 0 |
| total: | 74 | 5550g | / | 0w |
| Scout Tower | 122 | 3660 | / | 2440 |
| Arcane Tower | 5 | 350 | / | 250 |
| Guard Tower | 66 | 4620 | / | 3300 |
| Altar of Kings | 2 | 360 | / | 100 |
| Farm | 7 | 560 | / | 140 |
| Lumber Mill | 5 | 600 | / | 0 |
| Town Hall | 15 | 5775 | / | 3075 |
| Keep | 1 | 320 | / | 210 |
| total: | 151 | 10955g | / | 5755w |
| 0:06 | Altar of Kings |
| 0:07 | Peasant |
| 0:07 | Peasant |
| 0:07 | Peasant |
| 0:08 | Peasant |
| 0:21 | Peasant |
| 0:26 | Farm |
| 0:26 | Farm |
| 0:27 | Farm |
| 0:36 | Scout Tower |
| 0:38 | Peasant |
| 0:54 | Lumber Mill |
| 1:37 | Peasant |
| 1:38 | Peasant |
| 1:42 | Arcane Tower |
| 1:55 | Farm |
| 1:58 | Peasant |
| 2:05 | Improved Lumber Harvesting |
| 2:08 | Peasant |
| 2:08 | Peasant |
| 2:12 | Storm Bolt |
| 2:30 | Peasant |
| 2:30 | Peasant |
| 2:30 | Peasant |
| 2:34 | Scout Tower |
| 2:35 | Scout Tower |
| 2:36 | Scout Tower |
| 3:05 | Guard Tower |
| 3:21 | Scout Tower |
| 3:22 | Scout Tower |
| 3:22 | Scout Tower |
| 3:24 | Scout Tower |
| 3:24 | Scout Tower |
| 3:25 | Scout Tower |
| 3:31 | Guard Tower |
| 3:38 | Peasant |
| 3:48 | Scout Tower |
| 3:49 | Scout Tower |
| 3:53 | Scout Tower |
| 3:53 | Scout Tower |
| 3:54 | Scout Tower |
| 3:54 | Scout Tower |
| 4:04 | Guard Tower |
| 4:23 | Keep |
| 4:34 | Guard Tower |
| 5:07 | Guard Tower |
| 5:36 | Guard Tower |
| 5:37 | Guard Tower |
| 5:39 | Guard Tower |
| 5:40 | Guard Tower |
| 6:15 | Scout Tower |
| 6:15 | Scout Tower |
| 6:16 | Scout Tower |
| 6:50 | Farm |
| 6:59 | Advanced Lumber Harvesting |
| 7:46 | Holy Light |
| 7:51 | Improved Masonry |
| 7:54 | Guard Tower |
| 8:15 | Peasant |
| 8:15 | Peasant |
| 8:27 | Scout Tower |
| 8:28 | Scout Tower |
| 8:30 | Scout Tower |
| 9:29 | Scout Tower |
| 9:57 | Arcane Tower |
| 10:40 | Guard Tower |
| 10:50 | Scout Tower |
| 10:50 | Scout Tower |
| 10:54 | Scout Tower |
| 11:00 | Scout Tower |
| 11:00 | Scout Tower |
| 11:02 | Scout Tower |
| 11:03 | Scout Tower |
| 11:20 | Lumber Mill |
| 12:38 | Guard Tower |
| 12:54 | Guard Tower |
| 13:15 | Lumber Mill |
| 13:30 | Advanced Masonry |
| 15:05 | Scout Tower |
| 15:05 | Scout Tower |
| 15:06 | Scout Tower |
| 15:35 | Town Hall |
| 16:17 | Guard Tower |
| 17:57 | Town Hall |
| 18:14 | Town Hall |
| 18:20 | Town Hall |
| 18:49 | Town Hall |
| 22:44 | Scout Tower |
| 22:44 | Scout Tower |
| 22:45 | Scout Tower |
| 23:06 | Scout Tower |
| 23:50 | Scout Tower |
| 23:51 | Scout Tower |
| 23:52 | Scout Tower |
| 23:52 | Scout Tower |
| 24:10 | Lumber Mill |
| 24:34 | Town Hall |
| 25:06 | Arcane Tower |
| 26:51 | Lumber Mill |
| 27:38 | Peasant |
| 27:38 | Peasant |
| 27:38 | Peasant |
| 27:39 | Peasant |
| 27:40 | Peasant |
| 28:34 | Scout Tower |
| 28:34 | Scout Tower |
| 28:35 | Scout Tower |
| 28:35 | Scout Tower |
| 28:36 | Scout Tower |
| 28:37 | Scout Tower |
| 28:49 | Farm |
| 29:01 | Town Hall |
| 29:08 | Guard Tower |
| 29:52 | Guard Tower |
| 29:58 | Peasant |
| 29:59 | Peasant |
| 29:59 | Peasant |
| 30:15 | Guard Tower |
| 30:27 | Guard Tower |
| 30:54 | Guard Tower |
| 31:36 | Guard Tower |
| 32:23 | Peasant |
| 32:23 | Peasant |
| 34:41 | Peasant |
| 34:41 | Peasant |
| 34:41 | Peasant |
| 34:53 | Town Hall |
| 35:46 | Scout Tower |
| 36:40 | Peasant |
| 36:40 | Peasant |
| 36:40 | Peasant |
| 37:11 | Scout Tower |
| 37:15 | Peasant |
| 37:36 | Arcane Tower |
| 38:21 | Peasant |
| 38:21 | Peasant |
| 38:21 | Peasant |
| 38:24 | Scout Tower |
| 38:50 | Arcane Tower |
| 38:52 | Peasant |
| 40:01 | Scout Tower |
| 40:09 | Peasant |
| 40:25 | Scout Tower |
| 40:26 | Scout Tower |
| 40:26 | Scout Tower |
| 40:27 | Scout Tower |
| 40:28 | Scout Tower |
| 40:37 | Scout Tower |
| 40:38 | Scout Tower |
| 40:38 | Scout Tower |
| 40:39 | Scout Tower |
| 40:59 | Town Hall |
| 41:08 | Town Hall |
| 41:24 | Guard Tower |
| 41:52 | Guard Tower |
| 42:03 | Town Hall |
| 42:10 | Guard Tower |
| 42:19 | Guard Tower |
| 42:23 | Guard Tower |
| 42:31 | Farm |
| 42:41 | Guard Tower |
| 42:53 | Guard Tower |
| 43:09 | Guard Tower |
| 43:14 | Scout Tower |
| 43:15 | Scout Tower |
| 43:16 | Scout Tower |
| 43:16 | Scout Tower |
| 43:44 | Peasant |
| 43:44 | Peasant |
| 44:06 | Peasant |
| 44:16 | Guard Tower |
| 44:45 | Guard Tower |
| 45:13 | Guard Tower |
| 45:25 | Scout Tower |
| 45:26 | Scout Tower |
| 45:26 | Scout Tower |
| 46:05 | Peasant |
| 46:05 | Peasant |
| 46:05 | Peasant |
| 46:21 | Guard Tower |
| 46:53 | Guard Tower |
| 47:03 | Guard Tower |
| 47:13 | Scout Tower |
| 47:16 | Scout Tower |
| 47:17 | Scout Tower |
| 47:34 | Guard Tower |
| 47:53 | Guard Tower |
| 48:02 | Scout Tower |
| 48:02 | Scout Tower |
| 48:30 | Guard Tower |
| 48:35 | Scout Tower |
| 48:35 | Scout Tower |
| 48:38 | Scout Tower |
| 48:38 | Scout Tower |
| 48:39 | Scout Tower |
| 49:17 | Guard Tower |
| 49:33 | Guard Tower |
| 49:42 | Scout Tower |
| 49:43 | Scout Tower |
| 49:43 | Scout Tower |
| 49:44 | Scout Tower |
| 49:47 | Guard Tower |
| 50:17 | Guard Tower |
| 50:47 | Guard Tower |
| 51:11 | Guard Tower |
| 51:48 | Scout Tower |
| 51:49 | Scout Tower |
| 51:50 | Scout Tower |
| 51:58 | Scout Tower |
| 52:29 | Altar of Kings |
| 52:44 | Town Hall |
| 53:17 | Guard Tower |
| 53:33 | Guard Tower |
| 53:41 | Scout Tower |
| 53:42 | Scout Tower |
| 54:30 | Guard Tower |
| 54:38 | Scout Tower |
| 54:39 | Scout Tower |
| 54:39 | Scout Tower |
| 54:40 | Scout Tower |
| 54:55 | Town Hall |
| 56:02 | Peasant |
| 56:03 | Peasant |
| 56:28 | Scout Tower |
| 56:44 | Guard Tower |
| 56:54 | Scout Tower |
| 56:55 | Scout Tower |
| 56:55 | Scout Tower |
| 57:08 | Peasant |
| 57:08 | Peasant |
| 57:24 | Guard Tower |
| 57:53 | Scout Tower |
| 57:54 | Scout Tower |
| 57:55 | Scout Tower |
| 57:56 | Scout Tower |
| 57:57 | Scout Tower |
| 58:20 | Guard Tower |
| 60:12 | Town Hall |
| 63:25 | Peasant |
| 63:25 | Peasant |
| 63:25 | Peasant |
| 63:26 | Peasant |
| 65:05 | Peasant |
| 65:36 | Guard Tower |
| 66:06 | Peasant |
| 68:58 | Guard Tower |
| 71:00 | Peasant |
| 71:00 | Peasant |
| 71:00 | Peasant |
| 72:53 | Guard Tower |
| 75:13 | Town Hall |
| 79:46 | Scout Tower |
| 79:47 | Scout Tower |
| 79:58 | Peasant |
| 79:58 | Peasant |
| 79:58 | Peasant |
| 80:20 | Guard Tower |
| 80:45 | Scout Tower |
| 80:46 | Scout Tower |
| 80:48 | Guard Tower |
| 81:16 | Guard Tower |
| 81:43 | Guard Tower |
| 85:34 | Peasant |
| 85:34 | Peasant |
| 85:34 | Peasant |
| 85:35 | Peasant |
| 85:35 | Peasant |
| 87:20 | Peasant |
| 87:20 | Peasant |
| 87:20 | Peasant |
| 88:05 | Scout Tower |
| 88:06 | Scout Tower |
| 88:07 | Scout Tower |
| 88:08 | Scout Tower |
| 88:08 | Scout Tower |
| 88:43 | Guard Tower |
| 88:50 | Guard Tower |
| 88:54 | Scout Tower |
| 88:56 | Scout Tower |
| 88:57 | Scout Tower |
| 88:58 | Scout Tower |
| 89:01 | Guard Tower |
| 89:05 | Scout Tower |
| 89:05 | Scout Tower |
| 89:39 | Guard Tower |
| 89:53 | Guard Tower |
| 89:55 | Scout Tower |
| 89:55 | Scout Tower |
| 89:56 | Scout Tower |
| 90:43 | Guard Tower |
| 96:10 | Scout Tower |
| 96:10 | Scout Tower |
| 96:11 | Scout Tower |
| 96:12 | Scout Tower |
| 96:46 | Guard Tower |
| 97:28 | Guard Tower |
| 97:40 | Guard Tower |
| 98:10 | Guard Tower |
| 98:29 | Peasant |
| 98:30 | Peasant |
| 99:07 | Peasant |
| 99:07 | Peasant |
| 100:41 | Peasant |
| Right click | 786 |
| Select | 691 |
| Build/train/purchase | 165 |
| Minimap ping | 147 |
| Resource trade | 69 |
| Chat | 13 |
| Use ability | 3 |


| Potion of Mana | 1 | 200 |
| total: | 1 | 200g |
| Peasant | 12 | 900 | / | 0 |
| Dragonhawk Rider | 21 | 4200 | / | 630 |
| Flying Machine | 72 | 7200 | / | 2160 |
| total: | 105 | 12300g | / | 2790w |
| Altar of Kings | 4 | 720 | / | 200 |
| Farm | 17 | 1360 | / | 340 |
| Lumber Mill | 2 | 240 | / | 0 |
| Blacksmith | 2 | 280 | / | 120 |
| Arcane Vault | 1 | 130 | / | 30 |
| Gryphon Aviary | 1 | 140 | / | 150 |
| Workshop | 3 | 420 | / | 420 |
| Keep | 2 | 640 | / | 420 |
| Castle | 1 | 360 | / | 210 |
| total: | 30 | 3290g | / | 1260w |
| 0:03 | Peasant |
| 0:03 | Peasant |
| 0:07 | Altar of Kings |
| 0:10 | Farm |
| 0:11 | Farm |
| 0:22 | Lumber Mill |
| 0:30 | Peasant |
| 0:40 | Peasant |
| 0:55 | Peasant |
| 1:00 | Farm |
| 1:07 | Peasant |
| 1:21 | Peasant |
| 1:29 | Improved Lumber Harvesting |
| 1:34 | Peasant |
| 1:54 | Peasant |
| 2:18 | Keep |
| 2:37 | Storm Bolt |
| 2:59 | Blacksmith |
| 3:01 | Blacksmith |
| 3:04 | Farm |
| 3:04 | Farm |
| 3:19 | Improved Masonry |
| 4:21 | Black Gunpowder |
| 4:23 | Farm |
| 4:24 | Farm |
| 4:42 | Castle |
| 4:44 | Advanced Masonry |
| 5:07 | Gryphon Aviary |
| 5:16 | Arcane Vault |
| 5:27 | Refined Gunpowder |
| 5:47 | Holy Light |
| 5:59 | Workshop |
| 6:36 | Workshop |
| 6:43 | Iron Plating |
| 6:49 | Workshop |
| 7:03 | Peasant |
| 7:03 | Peasant |
| 7:04 | Peasant |
| 7:10 | Cloud |
| 7:10 | Dragonhawk Rider |
| 7:11 | Dragonhawk Rider |
| 7:12 | Dragonhawk Rider |
| 7:17 | Imbued Gunpowder |
| 7:32 | Flying Machine Bombs |
| 7:39 | Lumber Mill |
| 7:42 | Flak Cannons |
| 7:51 | Flying Machine |
| 7:52 | Flying Machine |
| 8:04 | Flying Machine |
| 8:04 | Flying Machine |
| 8:10 | Flying Machine |
| 8:10 | Flying Machine |
| 8:17 | Farm |
| 8:19 | Farm |
| 8:23 | Flying Machine |
| 8:23 | Flying Machine |
| 8:31 | Steel Plating |
| 8:57 | Flying Machine |
| 8:57 | Flying Machine |
| 8:57 | Flying Machine |
| 8:57 | Flying Machine |
| 9:18 | Flying Machine |
| 9:18 | Flying Machine |
| 9:18 | Flying Machine |
| 9:18 | Flying Machine |
| 9:18 | Flying Machine |
| 9:19 | Flying Machine |
| 9:19 | Flying Machine |
| 9:30 | Farm |
| 9:31 | Farm |
| 9:34 | Imbued Masonry |
| 10:31 | Flying Machine |
| 10:31 | Flying Machine |
| 10:37 | Farm |
| 10:39 | Farm |
| 11:53 | Mithril Plating |
| 14:42 | Divine Shield |
| 17:44 | Flying Machine |
| 17:44 | Flying Machine |
| 17:44 | Flying Machine |
| 17:45 | Flying Machine |
| 17:45 | Flying Machine |
| 17:46 | Dragonhawk Rider |
| 17:46 | Dragonhawk Rider |
| 17:49 | Studded Leather Armor |
| 19:45 | Flying Machine |
| 19:45 | Flying Machine |
| 25:10 | Dragonhawk Rider |
| 25:11 | Dragonhawk Rider |
| 25:11 | Dragonhawk Rider |
| 25:11 | Dragonhawk Rider |
| 26:07 | Farm |
| 26:08 | Farm |
| 26:19 | Holy Light |
| 26:58 | Dragonhawk Rider |
| 28:08 | Altar of Kings |
| 28:10 | Farm |
| 28:11 | Farm |
| 29:02 | Flying Machine |
| 29:02 | Flying Machine |
| 29:25 | Altar of Kings |
| 29:27 | Altar of Kings |
| 30:51 | Dragonhawk Rider |
| 30:52 | Dragonhawk Rider |
| 30:52 | Dragonhawk Rider |
| 30:53 | Flying Machine |
| 30:53 | Flying Machine |
| 30:53 | Flying Machine |
| 30:53 | Flying Machine |
| 31:32 | Flying Machine |
| 38:57 | Bash |
| 44:16 | Flying Machine |
| 44:17 | Flying Machine |
| 44:17 | Flying Machine |
| 44:17 | Flying Machine |
| 44:17 | Flying Machine |
| 44:17 | Flying Machine |
| 44:20 | Dragonhawk Rider |
| 44:20 | Dragonhawk Rider |
| 44:21 | Dragonhawk Rider |
| 45:32 | Flying Machine |
| 45:32 | Flying Machine |
| 45:32 | Flying Machine |
| 45:49 | Flying Machine |
| 46:27 | Divine Shield |
| 50:09 | Storm Bolt |
| 54:00 | Holy Light |
| 55:18 | Holy Light |
| 58:43 | Flying Machine |
| 58:43 | Flying Machine |
| 58:44 | Flying Machine |
| 58:44 | Flying Machine |
| 58:44 | Flying Machine |
| 58:48 | Dragonhawk Rider |
| 58:48 | Dragonhawk Rider |
| 58:48 | Dragonhawk Rider |
| 61:10 | Avatar |
| 61:34 | Flying Machine |
| 61:34 | Flying Machine |
| 61:34 | Flying Machine |
| 61:35 | Flying Machine |
| 61:35 | Flying Machine |
| 61:35 | Flying Machine |
| 61:35 | Flying Machine |
| 61:35 | Flying Machine |
| 62:45 | Resurrection |
| 62:58 | Flying Machine |
| 62:59 | Flying Machine |
| 62:59 | Flying Machine |
| 64:31 | Resurrection |
| 65:47 | Potion of Mana |
| 71:05 | Devotion Aura |
| 72:29 | Bash |
| 73:45 | Flying Machine |
| 73:46 | Flying Machine |
| 73:46 | Flying Machine |
| 73:46 | Flying Machine |
| 73:53 | Flying Machine |
| 73:54 | Flying Machine |
| 73:54 | Flying Machine |
| 79:38 | Dragonhawk Rider |
| 79:38 | Dragonhawk Rider |
| 79:49 | Flying Machine |
| 79:49 | Flying Machine |
| 79:51 | Flying Machine |
| 79:55 | Flying Machine |
| 89:36 | Thunder Clap |
| 92:06 | Thunder Clap |
| 92:10 | Devotion Aura |
| 95:36 | Devotion Aura |
| 103:00 | Devotion Aura |
| 103:03 | Thunder Clap |
| Right click | 10216 |
| Select group | 9035 |
| Select | 928 |
| Build/train/purchase | 221 |
| Use ability | 171 |
| Minimap ping | 132 |
| Chat | 117 |
| Assign group | 67 |
| Resource trade | 32 |
| Esc | 13 |
| Misc. action | 3 |
309 units @ 43.8k
/ 6.6k
260 buildings @ 42.7k
/ 16.3k



| Rod of Necromancy | 4 | 600 |
| Orb of Corruption | 2 | 750 |
| Potion of Mana | 10 | 2000 |
| Scroll of Town Portal | 16 | 5600 |
| Scroll of Healing | 11 | 2750 |
| Dust of Appearance | 1 | 75 |
| Scroll of Protection | 2 | 300 |
| Periapt of Vitality | 1 | 325 |
| Staff of Teleportation | 1 | 150 |
| total: | 48 | 12550g |
| Acolyte | 43 | 3225 | / | 0 |
| Ghoul | 8 | 960 | / | 0 |
| Crypt Fiend | 7 | 1505 | / | 280 |
| Necromancer | 16 | 2320 | / | 320 |
| Obsidian Statue | 6 | 1200 | / | 210 |
| Meat Wagon | 8 | 1840 | / | 400 |
| Gargoyle | 2 | 350 | / | 60 |
| Frost Wyrm | 8 | 3080 | / | 960 |
| Abomination | 3 | 720 | / | 210 |
| Banshee | 3 | 465 | / | 90 |
| total: | 104 | 15665g | / | 2530w |
| Spirit Tower | 12 | 1740 | / | 480 |
| Nerubian Tower | 1 | 100 | / | 20 |
| Crypt | 4 | 800 | / | 200 |
| Altar of Darkness | 2 | 360 | / | 100 |
| Ziggurat | 50 | 7500 | / | 2500 |
| Graveyard | 3 | 645 | / | 0 |
| Tomb of Relics | 2 | 260 | / | 60 |
| Necropolis | 6 | 1350 | / | 0 |
| Slaughterhouse | 2 | 280 | / | 270 |
| Temple of the Damned | 4 | 620 | / | 560 |
| Sacrificial Pit | 2 | 150 | / | 300 |
| Boneyard | 4 | 700 | / | 800 |
| Halls of the Dead | 1 | 320 | / | 210 |
| Black Citadel | 1 | 325 | / | 230 |
| total: | 79 | 12665g | / | 4790w |
| 0:02 | Acolyte |
| 0:02 | Acolyte |
| 0:07 | Crypt |
| 0:10 | Altar of Darkness |
| 0:35 | Ziggurat |
| 0:56 | Graveyard |
| 1:02 | Acolyte |
| 1:16 | Ghoul |
| 1:21 | Tomb of Relics |
| 1:27 | Ghoul |
| 1:42 | Ghoul |
| 1:56 | Ziggurat |
| 2:18 | Crypt Fiend |
| 2:26 | Rod of Necromancy |
| 2:28 | Death Coil |
| 2:41 | Necropolis |
| 2:59 | Crypt Fiend |
| 3:19 | Crypt Fiend |
| 3:45 | Backpack |
| 3:57 | Acolyte |
| 4:05 | Acolyte |
| 4:10 | Unholy Aura |
| 4:14 | Acolyte |
| 4:18 | Rod of Necromancy |
| 4:28 | Acolyte |
| 4:39 | Halls of the Dead |
| 4:46 | Acolyte |
| 5:09 | Crypt Fiend |
| 5:23 | Acolyte |
| 5:46 | Death Coil |
| 5:47 | Ghoul |
| 5:47 | Ghoul |
| 5:47 | Ghoul |
| 5:50 | Rod of Necromancy |
| 6:04 | Ziggurat |
| 6:05 | Ziggurat |
| 6:26 | Acolyte |
| 6:38 | Ghoul |
| 6:40 | Ghoul |
| 7:00 | Black Citadel |
| 7:52 | Slaughterhouse |
| 7:53 | Temple of the Damned |
| 7:55 | Temple of the Damned |
| 8:02 | Rod of Necromancy |
| 8:04 | Frost Nova |
| 8:16 | Slaughterhouse |
| 8:18 | Temple of the Damned |
| 8:24 | Acolyte |
| 8:24 | Acolyte |
| 8:25 | Acolyte |
| 8:25 | Acolyte |
| 8:34 | Temple of the Damned |
| 8:40 | Ziggurat |
| 8:41 | Ziggurat |
| 8:59 | Crypt Fiend |
| 9:01 | Necromancer |
| 9:03 | Exhume Corpses |
| 9:04 | Necromancer Adept Training |
| 9:05 | Skeletal Mastery |
| 9:36 | Obsidian Statue |
| 9:44 | Frost Armor |
| 9:47 | Scroll of Town Portal |
| 10:00 | Necromancer Master Training |
| 10:18 | Unholy Aura |
| 10:26 | Acolyte |
| 10:29 | Necromancer |
| 10:34 | Obsidian Statue |
| 10:35 | Destroyer Form |
| 10:37 | Disease Cloud |
| 10:40 | Sleep |
| 10:49 | Orb of Corruption |
| 11:12 | Ziggurat |
| 11:19 | Ziggurat |
| 11:24 | Web |
| 11:37 | Meat Wagon |
| 12:10 | Ghoul Frenzy |
| 12:13 | Creature Carapace |
| 12:46 | Ziggurat |
| 13:35 | Meat Wagon |
| 13:37 | Improved Creature Carapace |
| 13:38 | Creature Attack |
| 13:48 | Necromancer |
| 14:14 | Banshee Adept Training |
| 14:44 | Spirit Tower |
| 14:48 | Boneyard |
| 14:49 | Boneyard |
| 16:13 | Advanced Creature Carapace |
| 16:13 | Improved Creature Attack |
| 17:06 | Ziggurat |
| 17:07 | Ziggurat |
| 17:08 | Ziggurat |
| 17:09 | Ziggurat |
| 17:44 | Scroll of Town Portal |
| 17:45 | Scroll of Protection |
| 17:45 | Scroll of Healing |
| 17:49 | Scroll of Town Portal |
| 17:49 | Periapt of Vitality |
| 17:50 | Scroll of Healing |
| 17:50 | Scroll of Protection |
| 18:06 | Freezing Breath |
| 19:31 | Scroll of Town Portal |
| 19:31 | Potion of Mana |
| 19:32 | Orb of Corruption |
| 19:32 | Scroll of Healing |
| 19:32 | Scroll of Healing |
| 19:33 | Potion of Mana |
| 20:08 | Advanced Creature Attack |
| 20:38 | Spirit Tower |
| 20:45 | Frost Nova |
| 21:18 | Acolyte |
| 24:22 | Carrion Swarm |
| 25:14 | Death Coil |
| 25:18 | Necropolis |
| 25:19 | Necropolis |
| 26:54 | Scroll of Town Portal |
| 26:55 | Scroll of Healing |
| 27:16 | Acolyte |
| 27:17 | Acolyte |
| 27:20 | Ziggurat |
| 27:21 | Ziggurat |
| 27:22 | Ziggurat |
| 27:23 | Ziggurat |
| 27:25 | Ziggurat |
| 27:27 | Ziggurat |
| 27:29 | Acolyte |
| 27:38 | Unholy Armor |
| 27:38 | Unholy Strength |
| 28:20 | Spirit Tower |
| 28:21 | Spirit Tower |
| 28:27 | Spirit Tower |
| 28:33 | Spirit Tower |
| 30:26 | Carrion Swarm |
| 30:39 | Frost Armor |
| 31:00 | Acolyte |
| 31:00 | Acolyte |
| 31:00 | Acolyte |
| 31:50 | Scroll of Town Portal |
| 32:59 | Boneyard |
| 32:59 | Boneyard |
| 33:10 | Acolyte |
| 33:10 | Acolyte |
| 33:11 | Acolyte |
| 33:13 | Acolyte |
| 33:13 | Acolyte |
| 33:15 | Acolyte |
| 33:47 | Ziggurat |
| 33:49 | Ziggurat |
| 34:00 | Scroll of Town Portal |
| 34:08 | Spirit Tower |
| 34:14 | Acolyte |
| 34:48 | Sacrificial Pit |
| 35:28 | Acolyte |
| 35:28 | Acolyte |
| 35:37 | Improved Unholy Armor |
| 35:37 | Improved Unholy Strength |
| 36:43 | Staff of Teleportation |
| 36:48 | Acolyte |
| 37:01 | Acolyte |
| 37:01 | Acolyte |
| 37:06 | Acolyte |
| 37:34 | Acolyte |
| 38:20 | Acolyte |
| 38:32 | Ziggurat |
| 42:14 | Acolyte |
| 42:15 | Acolyte |
| 42:15 | Acolyte |
| 42:44 | Advanced Unholy Strength |
| 42:45 | Advanced Unholy Armor |
| 43:05 | Vampiric Aura |
| 44:16 | Ziggurat |
| 44:17 | Ziggurat |
| 44:19 | Ziggurat |
| 44:21 | Necropolis |
| 44:22 | Ziggurat |
| 44:25 | Ziggurat |
| 45:00 | Acolyte |
| 46:29 | Ziggurat |
| 46:31 | Ziggurat |
| 46:32 | Ziggurat |
| 46:32 | Ziggurat |
| 46:36 | Ziggurat |
| 46:37 | Ziggurat |
| 46:48 | Gargoyle |
| 46:53 | Potion of Mana |
| 47:00 | Crypt |
| 47:00 | Crypt |
| 47:01 | Crypt |
| 47:24 | Spirit Tower |
| 48:36 | Necropolis |
| 48:40 | Necropolis |
| 49:42 | Meat Wagon |
| 49:44 | Necromancer |
| 49:44 | Necromancer |
| 50:16 | Necromancer |
| 50:17 | Banshee Master Training |
| 50:37 | Animate Dead |
| 50:40 | Ziggurat |
| 50:41 | Ziggurat |
| 50:42 | Ziggurat |
| 50:44 | Ziggurat |
| 50:45 | Ziggurat |
| 50:46 | Ziggurat |
| 50:47 | Ziggurat |
| 50:49 | Tomb of Relics |
| 50:53 | Graveyard |
| 51:34 | Spirit Tower |
| 51:39 | Ziggurat |
| 51:58 | Necromancer |
| 51:59 | Necromancer |
| 52:02 | Frost Wyrm |
| 52:18 | Nerubian Tower |
| 52:59 | Graveyard |
| 53:53 | Ziggurat |
| 56:24 | Dust of Appearance |
| 57:07 | Frost Wyrm |
| 57:48 | Obsidian Statue |
| 59:27 | Scroll of Town Portal |
| 59:28 | Scroll of Town Portal |
| 60:31 | Frost Nova |
| 61:06 | Scroll of Healing |
| 61:12 | Gargoyle |
| 61:13 | Frost Wyrm |
| 61:25 | Altar of Darkness |
| 61:33 | Scroll of Town Portal |
| 61:52 | Obsidian Statue |
| 62:49 | Sacrificial Pit |
| 63:09 | Potion of Mana |
| 63:09 | Scroll of Healing |
| 64:51 | Scroll of Town Portal |
| 64:51 | Potion of Mana |
| 65:38 | Spirit Tower |
| 65:48 | Potion of Mana |
| 67:39 | Necromancer |
| 70:10 | Ziggurat |
| 70:10 | Ziggurat |
| 70:11 | Ziggurat |
| 70:12 | Ziggurat |
| 70:13 | Ziggurat |
| 70:14 | Ziggurat |
| 70:15 | Ziggurat |
| 70:15 | Ziggurat |
| 71:59 | Necromancer |
| 72:01 | Abomination |
| 72:02 | Meat Wagon |
| 72:03 | Necromancer |
| 72:05 | Banshee |
| 72:08 | Crypt Fiend |
| 74:38 | Obsidian Statue |
| 75:39 | Necromancer |
| 75:40 | Necromancer |
| 75:40 | Banshee |
| 76:11 | Carrion Swarm |
| 77:23 | Scroll of Town Portal |
| 77:24 | Potion of Mana |
| 77:24 | Scroll of Healing |
| 77:25 | Potion of Mana |
| 77:37 | Scroll of Healing |
| 79:36 | Scroll of Town Portal |
| 79:37 | Potion of Mana |
| 79:40 | Scroll of Town Portal |
| 79:52 | Frost Wyrm |
| 79:53 | Abomination |
| 81:21 | Frost Wyrm |
| 81:47 | Bladestorm |
| 82:06 | Frost Wyrm |
| 83:24 | Frost Wyrm |
| 83:48 | Meat Wagon |
| 83:50 | Necromancer |
| 83:50 | Banshee |
| 84:38 | Scroll of Town Portal |
| 86:19 | Meat Wagon |
| 86:20 | Necromancer |
| 86:20 | Necromancer |
| 86:22 | Crypt Fiend |
| 86:26 | Frost Wyrm |
| 86:32 | Obsidian Statue |
| 87:22 | Unholy Aura |
| 88:22 | Abomination |
| 89:17 | Scroll of Town Portal |
| 89:18 | Potion of Mana |
| 89:18 | Scroll of Healing |
| 89:20 | Scroll of Healing |
| 92:02 | Meat Wagon |
| 92:03 | Meat Wagon |
| 95:30 | Big Bad Voodoo |
| 95:41 | Death and Decay |
| 97:56 | Acolyte |
| 101:23 | Acolyte |
| Right click | 2644 |
| Select group | 2222 |
| Select | 2139 |
| Misc. action | 555 |
| Build/train/purchase | 481 |
| Use ability | 466 |
| Assign group | 140 |
| Resource trade | 57 |
| Chat | 34 |
| Minimap ping | 22 |
| Esc | 21 |
| Item give/drop | 13 |


| Healing Salve | 2 | 200 |
| Lesser Clarity Potion | 4 | 280 |
| Potion of Healing | 1 | 150 |
| Scroll of Healing | 1 | 250 |
| Scroll of Protection | 1 | 150 |
| Boots of Speed | 1 | 250 |
| Orb of Corruption | 1 | 375 |
| total: | 11 | 1655g |
| Peon | 9 | 675 | / | 0 |
| Grunt | 3 | 600 | / | 0 |
| Troll Headhunter | 2 | 280 | / | 40 |
| Raider | 1 | 180 | / | 40 |
| Demolisher | 10 | 2200 | / | 500 |
| total: | 25 | 3935g | / | 580w |
| Watch Tower | 29 | 3190 | / | 2320 |
| Altar of Storms | 4 | 720 | / | 200 |
| Orc Burrow | 12 | 1920 | / | 480 |
| Barracks | 5 | 900 | / | 250 |
| Voodoo Lounge | 2 | 260 | / | 60 |
| War Mill | 3 | 615 | / | 0 |
| Great Hall | 3 | 1155 | / | 555 |
| Beastiary | 1 | 145 | / | 140 |
| Stronghold | 2 | 630 | / | 380 |
| Fortress | 3 | 975 | / | 570 |
| total: | 59 | 8905g | / | 4005w |
| 0:04 | Peon |
| 0:04 | Peon |
| 0:10 | Altar of Storms |
| 0:15 | Peon |
| 0:21 | Orc Burrow |
| 0:38 | Barracks |
| 0:47 | Peon |
| 1:08 | Peon |
| 1:36 | Orc Burrow |
| 1:40 | Grunt |
| 1:49 | Voodoo Lounge |
| 2:06 | Grunt |
| 2:15 | Wind Walk |
| 2:32 | Peon |
| 2:40 | Grunt |
| 2:49 | Peon |
| 3:11 | Healing Salve |
| 3:18 | Lesser Clarity Potion |
| 3:27 | Stronghold |
| 4:11 | War Mill |
| 4:38 | Orc Burrow |
| 5:41 | Watch Tower |
| 5:52 | Troll Headhunter |
| 5:59 | Beastiary |
| 6:08 | Reinforced Defenses |
| 6:26 | Troll Headhunter |
| 6:41 | Watch Tower |
| 6:47 | Critical Strike |
| 7:08 | Raider |
| 7:10 | Healing Salve |
| 7:10 | Lesser Clarity Potion |
| 8:00 | Watch Tower |
| 8:01 | Peon |
| 8:17 | Healing Wave |
| 8:20 | Potion of Healing |
| 9:09 | Fortress |
| 9:42 | Orc Burrow |
| 10:39 | Ensnare |
| 10:44 | Barracks |
| 10:45 | Demolisher |
| 11:42 | Demolisher |
| 13:22 | Great Hall |
| 14:54 | Watch Tower |
| 15:00 | War Mill |
| 15:09 | Wind Walk |
| 15:54 | Hex |
| 16:46 | Watch Tower |
| 17:03 | Watch Tower |
| 17:07 | Watch Tower |
| 18:03 | Watch Tower |
| 19:18 | Healing Wave |
| 19:33 | Critical Strike |
| 19:37 | Great Hall |
| 21:48 | Altar of Storms |
| 21:50 | Orc Burrow |
| 21:52 | Orc Burrow |
| 21:54 | Orc Burrow |
| 22:23 | Great Hall |
| 22:26 | Watch Tower |
| 23:46 | Watch Tower |
| 24:45 | Scroll of Protection |
| 24:47 | Scroll of Healing |
| 25:22 | Orc Burrow |
| 26:07 | Altar of Storms |
| 26:11 | Orc Burrow |
| 26:30 | Watch Tower |
| 26:33 | Watch Tower |
| 27:24 | Peon |
| 27:43 | Watch Tower |
| 27:46 | Watch Tower |
| 27:47 | Watch Tower |
| 28:05 | Altar of Storms |
| 28:09 | Watch Tower |
| 28:56 | Watch Tower |
| 29:01 | Watch Tower |
| 29:21 | Watch Tower |
| 29:25 | Watch Tower |
| 29:28 | Watch Tower |
| 29:37 | Watch Tower |
| 30:07 | Watch Tower |
| 30:11 | Watch Tower |
| 32:14 | Voodoo Lounge |
| 32:17 | Watch Tower |
| 32:21 | Watch Tower |
| 33:10 | Boots of Speed |
| 33:44 | Watch Tower |
| 33:47 | Watch Tower |
| 33:54 | Orb of Corruption |
| 34:46 | Watch Tower |
| 34:58 | Lesser Clarity Potion |
| 36:12 | Barracks |
| 36:14 | Barracks |
| 36:49 | Stronghold |
| 36:52 | Lesser Clarity Potion |
| 37:30 | War Mill |
| 37:32 | Barracks |
| 38:28 | Orc Burrow |
| 38:31 | Orc Burrow |
| 38:40 | Orc Burrow |
| 39:10 | Demolisher |
| 39:27 | Steel Ranged Weapons |
| 39:44 | Demolisher |
| 39:58 | Demolisher |
| 40:30 | Demolisher |
| 42:52 | Demolisher |
| 43:19 | Thorium Ranged Weapons |
| 44:49 | Wind Walk |
| 45:58 | Demolisher |
| 45:58 | Demolisher |
| 45:58 | Demolisher |
| 46:00 | Fortress |
| Right click | 1617 |
| Select | 703 |
| Build/train/purchase | 143 |
| Select group | 135 |
| Misc. action | 102 |
| Use ability | 45 |
| Assign group | 13 |
| Minimap ping | 11 |
| Item give/drop | 3 |
Slautern
(103:15) : 


| Anti-magic Potion | 1 | 100 |
| Scroll of Town Portal | 9 | 3150 |
| Scroll of Healing | 3 | 750 |
| Circlet of Nobility | 8 | 1400 |
| Scroll of Protection | 2 | 300 |
| Potion of Lesser Invulnerability | 2 | 300 |
| total: | 25 | 6000g |
| Wisp | 44 | 2640 | / | 0 |
| Archer | 11 | 1430 | / | 110 |
| Dryad | 5 | 725 | / | 300 |
| Glaive Thrower | 8 | 1680 | / | 520 |
| Druid of the Claw | 2 | 510 | / | 160 |
| Mountain Giant | 2 | 700 | / | 200 |
| Druid of the Talon | 1 | 145 | / | 20 |
| Hippogryph | 36 | 5760 | / | 720 |
| Troll Berserker | 10 | 1400 | / | 200 |
| Shaman | 9 | 1170 | / | 180 |
| Demolisher | 4 | 880 | / | 200 |
| Grunt | 1 | 200 | / | 0 |
| Peon | 1 | 75 | / | 0 |
| total: | 134 | 17315g | / | 2610w |
| Ancient Protector | 16 | 2160 | / | 1280 |
| Tree of Life | 5 | 1700 | / | 925 |
| Altar of Elders | 4 | 720 | / | 200 |
| Moon Well | 32 | 5760 | / | 1280 |
| Ancient of War | 5 | 750 | / | 300 |
| Hunter's Hall | 1 | 210 | / | 100 |
| Ancient of Wonders | 2 | 180 | / | 60 |
| Ancient of Lore | 2 | 310 | / | 290 |
| Ancient of Wind | 5 | 750 | / | 700 |
| Tree of Ages | 1 | 320 | / | 180 |
| Tree of Eternity | 2 | 660 | / | 400 |
| Watch Tower | 3 | 330 | / | 240 |
| Great Hall | 1 | 385 | / | 185 |
| Orc Burrow | 4 | 640 | / | 160 |
| Altar of Darkness | 1 | 180 | / | 50 |
| Ziggurat | 1 | 150 | / | 50 |
| Necropolis | 3 | 675 | / | 0 |
| Spirit Lodge | 1 | 150 | / | 150 |
| total: | 86 | 15050g | / | 5970w |
| 0:02 | Wisp |
| 0:02 | Wisp |
| 0:03 | Wisp |
| 0:07 | Wisp |
| 0:07 | Wisp |
| 0:07 | Wisp |
| 0:25 | Wisp |
| 0:46 | Tree of Life |
| 1:20 | Altar of Elders |
| 1:31 | Moon Well |
| 1:59 | Ancient of War |
| 2:02 | Wisp |
| 2:36 | Wisp |
| 2:36 | Wisp |
| 2:36 | Wisp |
| 2:36 | Wisp |
| 2:37 | Wisp |
| 3:01 | Archer |
| 3:06 | Archer |
| 3:25 | Searing Arrows |
| 3:58 | Tree of Ages |
| 4:03 | Hunter's Hall |
| 4:20 | Archer |
| 4:28 | Moon Well |
| 4:35 | Ancient of Wonders |
| 4:47 | Archer |
| 5:13 | Circlet of Nobility |
| 5:15 | Trueshot Aura |
| 5:20 | Moon Well |
| 5:22 | Wisp |
| 5:23 | Wisp |
| 5:29 | Archer |
| 5:54 | Wisp |
| 6:09 | Wisp |
| 6:10 | Wisp |
| 6:17 | Moon Well |
| 6:41 | Tree of Eternity |
| 6:44 | Improved Bows |
| 6:49 | Frost Arrows |
| 6:59 | Wisp |
| 7:01 | Wisp |
| 7:07 | Ancient Protector |
| 7:23 | Wisp |
| 7:23 | Wisp |
| 7:32 | Nature's Blessing |
| 7:55 | Archer |
| 8:18 | Ancient Protector |
| 8:22 | Strength of the Moon |
| 8:22 | Moon Armor |
| 8:59 | Wisp |
| 9:02 | Moon Well |
| 9:11 | Archer |
| 9:18 | Marksmanship |
| 9:21 | Silence |
| 9:23 | Forked Lightning |
| 9:38 | Trueshot Aura |
| 10:05 | Moon Well |
| 10:09 | Improved Strength of the Moon |
| 10:09 | Well Spring |
| 10:38 | Ultravision |
| 10:41 | Ancient of Lore |
| 10:44 | Wisp |
| 11:09 | Moon Well |
| 11:15 | Improved Moon Armor |
| 12:05 | Moon Well |
| 12:12 | Black Arrow |
| 13:02 | Ancient Protector |
| 13:08 | Ancient Protector |
| 13:18 | Ancient Protector |
| 13:21 | Ancient Protector |
| 13:24 | Ancient Protector |
| 13:25 | Advanced Strength of the Moon |
| 13:26 | Abolish Magic |
| 13:38 | Ancient of War |
| 13:39 | Wisp |
| 13:39 | Wisp |
| 13:40 | Wisp |
| 14:13 | Scroll of Town Portal |
| 14:36 | Vorpal Blades |
| 14:54 | Dryad |
| 14:56 | Archer |
| 15:00 | Strength of the Wild |
| 15:53 | Tree of Life |
| 16:01 | Ancient Protector |
| 16:05 | Ancient Protector |
| 16:11 | Archer |
| 16:42 | Frost Arrows |
| 17:16 | Glaive Thrower |
| 17:18 | Glaive Thrower |
| 17:21 | Glaive Thrower |
| 17:23 | Glaive Thrower |
| 17:26 | Dryad |
| 17:26 | Druid of the Claw Adept Training |
| 17:32 | Ancient Protector |
| 17:51 | Glaive Thrower |
| 17:58 | Wisp |
| 18:05 | Scroll of Town Portal |
| 18:06 | Anti-magic Potion |
| 22:20 | Searing Arrows |
| 22:32 | Black Arrow |
| 23:25 | Altar of Elders |
| 23:28 | Dryad |
| 23:30 | Reinforced Hides |
| 24:35 | Scroll of Town Portal |
| 24:35 | Circlet of Nobility |
| 24:36 | Scroll of Protection |
| 24:36 | Scroll of Healing |
| 25:06 | Improved Reinforced Hides |
| 25:09 | Dryad |
| 25:09 | Druid of the Claw Master Training |
| 27:02 | Improved Strength of the Wild |
| 27:04 | Mark of the Claw |
| 27:24 | Scroll of Town Portal |
| 27:24 | Circlet of Nobility |
| 29:04 | Ancient of War |
| 29:05 | Ancient of War |
| 29:16 | Ancient of War |
| 30:10 | Advanced Moon Armor |
| 30:33 | Glaive Thrower |
| 31:05 | Forked Lightning |
| 32:32 | Scroll of Town Portal |
| 32:32 | Circlet of Nobility |
| 33:17 | Glaive Thrower |
| 33:19 | Glaive Thrower |
| 34:28 | Advanced Reinforced Hides |
| 34:28 | Advanced Strength of the Wild |
| 35:26 | Scroll of Town Portal |
| 35:37 | Circlet of Nobility |
| 35:37 | Potion of Lesser Invulnerability |
| 35:38 | Scroll of Healing |
| 35:38 | Scroll of Protection |
| 36:42 | Moon Well |
| 37:44 | Tree of Life |
| 37:53 | Moon Well |
| 37:55 | Scroll of Town Portal |
| 38:03 | Circlet of Nobility |
| 39:21 | Silence |
| 40:06 | Wisp |
| 40:06 | Wisp |
| 40:06 | Wisp |
| 40:06 | Wisp |
| 40:11 | Wisp |
| 40:11 | Wisp |
| 40:11 | Wisp |
| 40:11 | Wisp |
| 40:11 | Wisp |
| 40:21 | Archer |
| 40:23 | Archer |
| 40:46 | Circlet of Nobility |
| 40:52 | Potion of Lesser Invulnerability |
| 40:52 | Scroll of Healing |
| 42:34 | Altar of Elders |
| 42:41 | Ancient Protector |
| 42:41 | Wisp |
| 42:45 | Ancient Protector |
| 42:46 | Wisp |
| 42:49 | Trueshot Aura |
| 42:57 | Altar of Elders |
| 42:59 | Ancient of Lore |
| 43:03 | Ancient of Wind |
| 43:13 | Ancient of Wind |
| 43:21 | Scroll of Town Portal |
| 43:31 | Wisp |
| 43:33 | Moon Well |
| 43:52 | Ancient Protector |
| 43:54 | Wisp |
| 44:12 | Moon Well |
| 44:22 | Ancient of Wonders |
| 44:58 | Moon Well |
| 45:02 | Druid of the Claw |
| 45:05 | Druid of the Talon Adept Training |
| 45:46 | Hardened Skin |
| 45:46 | Resistant Skin |
| 45:48 | Moon Well |
| 45:54 | Moon Well |
| 45:59 | Mountain Giant |
| 46:38 | Wisp |
| 46:42 | Ancient Protector |
| 47:08 | Mountain Giant |
| 47:10 | Druid of the Talon Master Training |
| 47:11 | Druid of the Talon |
| 47:54 | Hippogryph |
| 47:54 | Hippogryph |
| 47:57 | Druid of the Claw |
| 47:58 | Dryad |
| 48:20 | Moon Well |
| 48:38 | Moon Well |
| 48:41 | Ancient Protector |
| 50:01 | Ancient Protector |
| 50:05 | Hippogryph |
| 50:05 | Hippogryph |
| 50:05 | Hippogryph |
| 50:06 | Hippogryph |
| 50:06 | Hippogryph |
| 50:06 | Hippogryph |
| 50:06 | Hippogryph |
| 50:45 | Impale |
| 51:03 | Moon Well |
| 53:48 | Moon Well |
| 53:48 | Moon Well |
| 53:52 | Ancient of Wind |
| 53:55 | Ancient of Wind |
| 53:57 | Ancient of Wind |
| 54:04 | Berserker Upgrade |
| 54:05 | Troll Regeneration |
| 54:13 | Spirit Lodge |
| 55:11 | Hippogryph |
| 55:11 | Hippogryph |
| 55:11 | Hippogryph |
| 55:12 | Moon Well |
| 55:13 | Moon Well |
| 55:14 | Moon Well |
| 55:29 | Steel Armor |
| 55:37 | Troll Berserker |
| 55:37 | Troll Berserker |
| 55:44 | Troll Berserker |
| 55:44 | Troll Berserker |
| 56:07 | Shaman Adept Training |
| 56:10 | Troll Berserker |
| 56:24 | Inferno |
| 56:26 | Hex |
| 56:36 | Hippogryph |
| 56:36 | Hippogryph |
| 56:36 | Hippogryph |
| 56:36 | Hippogryph |
| 56:36 | Hippogryph |
| 56:36 | Hippogryph |
| 56:38 | Moon Well |
| 56:39 | Moon Well |
| 56:40 | Moon Well |
| 57:35 | Great Hall |
| 57:47 | Hippogryph |
| 57:50 | Hippogryph |
| 58:09 | Spiked Carapace |
| 58:30 | Hippogryph |
| 58:30 | Hippogryph |
| 58:30 | Hippogryph |
| 58:53 | Shaman Master Training |
| 60:36 | Frost Arrows |
| 61:00 | Hippogryph |
| 61:33 | Wisp |
| 61:33 | Wisp |
| 61:39 | Moon Well |
| 61:41 | Moon Well |
| 61:43 | Moon Well |
| 61:47 | Scroll of Town Portal |
| 61:50 | Circlet of Nobility |
| 62:08 | Orc Burrow |
| 62:28 | Orc Burrow |
| 62:54 | Shaman |
| 62:54 | Shaman |
| 62:54 | Shaman |
| 62:54 | Shaman |
| 63:01 | Moon Well |
| 63:04 | Moon Well |
| 63:06 | Moon Well |
| 63:13 | Burning Oil |
| 63:14 | Demolisher |
| 63:56 | Spiked Carapace |
| 64:27 | Healing Wave |
| 64:35 | Starfall |
| 65:25 | Hippogryph |
| 65:25 | Hippogryph |
| 65:26 | Hippogryph |
| 65:32 | Hippogryph |
| 65:32 | Hippogryph |
| 65:32 | Hippogryph |
| 65:33 | Hippogryph |
| 65:33 | Hippogryph |
| 65:41 | Troll Berserker |
| 65:41 | Demolisher |
| 66:17 | Hippogryph |
| 66:30 | Troll Berserker |
| 66:30 | Demolisher |
| 66:31 | Shaman |
| 66:32 | Shaman |
| 66:52 | Hippogryph |
| 66:52 | Hippogryph |
| 67:43 | Shaman |
| 67:43 | Shaman |
| 67:44 | Shaman |
| 67:46 | Troll Berserker |
| 67:47 | Demolisher |
| 68:09 | Altar of Darkness |
| 68:11 | Ziggurat |
| 68:14 | Necropolis |
| 68:24 | Hippogryph |
| 68:37 | Orc Burrow |
| 68:42 | Steel Ranged Weapons |
| 68:44 | Thorium Armor |
| 70:32 | Troll Berserker |
| 70:36 | Orc Burrow |
| 72:30 | Grunt |
| 72:30 | Troll Berserker |
| 75:59 | Tree of Life |
| 76:03 | Tree of Life |
| 77:43 | Silence |
| 82:50 | Peon |
| 87:53 | Forked Lightning |
| 88:11 | Impale |
| 92:40 | Vampiric Aura |
| 94:08 | Necropolis |
| 101:52 | Watch Tower |
| 101:59 | Watch Tower |
| 102:23 | Necropolis |
| 102:35 | Watch Tower |
| Select group | 3407 |
| Assign group | 3292 |
| Right click | 3013 |
| Select | 1611 |
| Misc. action | 419 |
| Build/train/purchase | 321 |
| Use ability | 229 |
| Resource trade | 86 |
| Minimap ping | 47 |
| Chat | 39 |
| Item give/drop | 8 |
| Esc | 3 |
| Remove unit | 1 |

| Rod of Necromancy | 2 | 300 |
| Sacrificial Skull | 1 | 50 |
| Orb of Corruption | 1 | 375 |
| Potion of Healing | 1 | 150 |
| Potion of Mana | 2 | 400 |
| Scroll of Town Portal | 4 | 1400 |
| Scroll of Healing | 3 | 750 |
| Boots of Speed | 1 | 250 |
| Potion of Lesser Invulnerability | 2 | 300 |
| total: | 17 | 3975g |
| Acolyte | 7 | 525 | / | 0 |
| Ghoul | 23 | 2760 | / | 0 |
| Abomination | 7 | 1680 | / | 490 |
| Meat Wagon | 2 | 460 | / | 100 |
| Crypt Fiend | 7 | 1505 | / | 280 |
| total: | 46 | 6930g | / | 870w |
| Nerubian Tower | 2 | 200 | / | 40 |
| Spirit Tower | 9 | 1305 | / | 360 |
| Crypt | 4 | 800 | / | 200 |
| Altar of Darkness | 1 | 180 | / | 50 |
| Ziggurat | 20 | 3000 | / | 1000 |
| Graveyard | 1 | 215 | / | 0 |
| Tomb of Relics | 2 | 260 | / | 60 |
| Necropolis | 6 | 1350 | / | 0 |
| Slaughterhouse | 2 | 280 | / | 270 |
| Halls of the Dead | 3 | 960 | / | 630 |
| Black Citadel | 2 | 650 | / | 460 |
| total: | 36 | 6085g | / | 1580w |
| 0:04 | Acolyte |
| 0:04 | Acolyte |
| 0:19 | Crypt |
| 0:21 | Crypt |
| 0:24 | Altar of Darkness |
| 0:32 | Ziggurat |
| 1:00 | Graveyard |
| 1:14 | Ziggurat |
| 1:22 | Ghoul |
| 1:36 | Tomb of Relics |
| 1:49 | Ghoul |
| 2:01 | Ghoul |
| 2:13 | Ghoul |
| 2:25 | Vampiric Aura |
| 2:35 | Cannibalize |
| 2:47 | Rod of Necromancy |
| 2:47 | Sacrificial Skull |
| 3:08 | Ghoul |
| 3:10 | Unholy Armor |
| 3:10 | Improved Unholy Armor |
| 3:28 | Acolyte |
| 3:48 | Ghoul |
| 3:56 | Carrion Swarm |
| 4:00 | Ghoul |
| 4:56 | Ghoul |
| 4:56 | Ghoul |
| 4:56 | Ghoul |
| 5:19 | Rod of Necromancy |
| 5:24 | Necropolis |
| 5:26 | Ziggurat |
| 5:41 | Halls of the Dead |
| 5:57 | Ghoul |
| 6:19 | Ghoul |
| 6:19 | Ghoul |
| 6:50 | Carrion Swarm |
| 7:00 | Ghoul |
| 7:01 | Ghoul |
| 7:01 | Ghoul |
| 7:03 | Acolyte |
| 7:03 | Acolyte |
| 7:04 | Acolyte |
| 7:04 | Acolyte |
| 7:08 | Nerubian Tower |
| 7:27 | Ghoul |
| 7:27 | Ghoul |
| 7:46 | Unholy Strength |
| 8:04 | Ghoul |
| 8:04 | Ghoul |
| 8:07 | Black Citadel |
| 8:55 | Ghoul |
| 9:20 | Slaughterhouse |
| 9:24 | Slaughterhouse |
| 9:26 | Ziggurat |
| 9:31 | Ziggurat |
| 9:52 | Vampiric Aura |
| 10:12 | Improved Unholy Strength |
| 10:41 | Ghoul Frenzy |
| 10:42 | Abomination |
| 11:15 | Orb of Corruption |
| 11:26 | Potion of Healing |
| 11:26 | Potion of Mana |
| 11:32 | Disease Cloud |
| 11:33 | Abomination |
| 11:50 | Spirit Tower |
| 11:52 | Ziggurat |
| 11:57 | Ziggurat |
| 12:00 | Boots of Speed |
| 12:36 | Ziggurat |
| 12:40 | Spirit Tower |
| 12:42 | Ziggurat |
| 12:43 | Ziggurat |
| 13:11 | Spirit Tower |
| 13:30 | Crypt |
| 13:35 | Spirit Tower |
| 13:37 | Spirit Tower |
| 13:40 | Ziggurat |
| 13:42 | Ziggurat |
| 14:25 | Necropolis |
| 14:31 | Ziggurat |
| 15:30 | Necropolis |
| 15:32 | Ziggurat |
| 15:34 | Meat Wagon |
| 17:29 | Spirit Tower |
| 17:44 | Necropolis |
| 17:46 | Halls of the Dead |
| 18:12 | Scroll of Town Portal |
| 20:55 | Necropolis |
| 24:05 | Carrion Swarm |
| 25:50 | Black Citadel |
| 26:05 | Scroll of Healing |
| 26:07 | Potion of Lesser Invulnerability |
| 27:22 | Necropolis |
| 29:18 | Crypt |
| 29:22 | Web |
| 29:23 | Crypt Fiend |
| 29:24 | Creature Attack |
| 29:31 | Ziggurat |
| 29:48 | Crypt Fiend |
| 30:59 | Crypt Fiend |
| 31:02 | Creature Carapace |
| 32:42 | Crypt Fiend |
| 32:43 | Improved Creature Attack |
| 32:43 | Improved Creature Carapace |
| 32:58 | Potion of Lesser Invulnerability |
| 32:59 | Scroll of Healing |
| 33:00 | Scroll of Healing |
| 33:29 | Crypt Fiend |
| 33:52 | Scroll of Town Portal |
| 33:53 | Scroll of Town Portal |
| 34:41 | Potion of Mana |
| 34:41 | Scroll of Town Portal |
| 35:03 | Advanced Creature Attack |
| 35:50 | Burrow |
| 35:51 | Advanced Creature Carapace |
| 35:54 | Crypt Fiend |
| 35:54 | Crypt Fiend |
| 35:57 | Abomination |
| 36:05 | Ghoul |
| 36:06 | Ghoul |
| 36:36 | Spirit Tower |
| 36:38 | Ziggurat |
| 36:41 | Ziggurat |
| 36:45 | Ziggurat |
| 37:17 | Tomb of Relics |
| 37:18 | Ziggurat |
| 37:32 | Abomination |
| 38:16 | Advanced Unholy Armor |
| 38:22 | Meat Wagon |
| 38:46 | Abomination |
| 39:43 | Spirit Tower |
| 39:48 | Ziggurat |
| 40:25 | Advanced Unholy Strength |
| 43:24 | Abomination |
| 43:26 | Abomination |
| Right click | 1885 |
| Select | 722 |
| Build/train/purchase | 162 |
| Select group | 139 |
| Misc. action | 92 |
| Use ability | 50 |
| Assign group | 17 |
| Item give/drop | 5 |